3AAA
SCRANTON SUPERNOVAS @ BLOOMINGTON LONGNECKS
09/02/2025
 
TOP OF THE 1ST
Scranton Supernovas batting - Pitching for Bloomington Longnecks : RHP Chuck Steele
Pitching: RHP Chuck Steele
Batting: RHB Arturo Maldonado 0-0: Swinging Strike
0-1: Ball
1-1: Ground out 6-3 (Groundball, 6M)
Batting: RHB Pedro Rivera 0-0: Foul Ball, location: 2F
0-1: Fly out, F8 (Flyball, 8LM)
Batting: LHB Héctor Torres 0-0: Ball
1-0: Foul Ball, location: 2F
1-1: Ball
2-1: Swinging Strike
2-2: Ball
3-2: Fly out, F9 (Flyball, 9D)
Top of the 1st over - 0 run(s), 0 hit(s), 0 error(s), 0 left on base; Scranton 0 - Bloomington 0
BOTTOM OF THE 1ST
Bloomington Longnecks batting - Pitching for Scranton Supernovas : RHP Roberto Calderón
Pitching: RHP Roberto Calderón
Batting: RHB Raúl Delgado 0-0: Called Strike
0-1: Ball
1-1: SINGLE (Groundball, 6MD)
Batting: LHB Gonzalo López 0-0: Ball
1-0: Called Strike
1-1: Ball
2-1: Foul Ball, location: 2F
2-2: Ground out 4-3 (Groundball, 34D)
Raúl Delgado to second
Batting: RHB Ethan Miller 0-0: Foul Ball, location: 2F
0-1: Ball
1-1: SINGLE (Groundball, 56D)
Raúl Delgado to third
Runner from 3rd tries for Home, SAFE, no throw
Batting: RHB Darrell Terwey 0-0: Ball
1-0: Called Strike
1-1: Called Strike
1-2: Ball
2-2: SINGLE (Groundball, 56D)
Ethan Miller to second
Batting: LHB Fernando González 0-0: SINGLE (Groundball, 56D)
Ethan Miller to third
Darrell Terwey to second
Runner from 3rd tries for Home, SAFE, throw made home
Batting: RHB Frank Crocker 0-0: Ball
1-0: Called Strike
1-1: Fly out, F4 (Popup, 3D)
Batting: LHB Felipe López 0-0: Foul Ball, location: 2F
0-1: Foul Ball, location: 2F
0-2: Ball
1-2: Foul Ball, location: 2F
1-2: Ball
2-2: DOUBLE (Flyball, 78D)
Darrell Terwey scores
Fernando González to third
Batting: RHB Aurelio Vázquez 0-0: Called Strike
0-1: Ball
1-1: Ball
2-1: Swinging Strike
2-2: Strikes out swinging
Bottom of the 1st over - 3 run(s), 5 hit(s), 0 error(s), 2 left on base; Scranton 0 - Bloomington 3
TOP OF THE 2ND
Scranton Supernovas batting - Pitching for Bloomington Longnecks : RHP Chuck Steele
Batting: RHB Brad Jacobson 0-0: Ball
1-0: Foul Ball, location: 2F
1-1: Ball
2-1: Ball
3-1: Base on Balls
Batting: RHB Arturo Rochel 0-0: Ball
1-0: Foul Ball, location: 2F
1-1: Swinging Strike
1-2: SINGLE (Line Drive, 4D)
Brad Jacobson to second
Batting: LHB Francisco Ortega 0-0: Ball
1-0: Swinging Strike
1-1: Fielders Choice at 2nd, 3-6 (Groundball, 34)
Brad Jacobson to third
Batting: RHB Henrique Shearman 0-0: SINGLE (Flyball, 89S)
Brad Jacobson scores
Francisco Ortega to second
Runner from 2nd tries for 3rd, SAFE, throw made to third
Batting: RHB Chris Henderson 0-0: Ball
1-0: Foul Ball, location: 2F
1-1: Ball
2-1: Called Strike
2-2: Foul Ball, location: 2F
2-2: SINGLE (Groundball, 4MD)
Francisco Ortega scores
Henrique Shearman to second
Runner from 2nd tries for 3rd, SAFE, throw made to third
Batting: RHB Marty Hayden 0-0: Ball
1-0: Grounds into double play, 5-4-3 (Groundball, 5)
Top of the 2nd over - 2 run(s), 3 hit(s), 0 error(s), 1 left on base; Scranton 2 - Bloomington 3
BOTTOM OF THE 2ND
Bloomington Longnecks batting - Pitching for Scranton Supernovas : RHP Roberto Calderón
Batting: SHB Jared Jefferson 0-0: Fly out, F7 (Flyball, 78S)
Batting: RHB Raúl Delgado 0-0: Called Strike
0-1: Ball
1-1: Ball
2-1: Called Strike
2-2: Ground out 1-3 (Groundball, 15S)
Batting: LHB Gonzalo López 0-0: Ball
1-0: Ball
2-0: Called Strike
2-1: Foul Ball, location: 2F
2-2: Ball
3-2: Foul Ball, location: 2F
3-2: Strikes out swinging
Bottom of the 2nd over - 0 run(s), 0 hit(s), 0 error(s), 0 left on base; Scranton 2 - Bloomington 3
TOP OF THE 3RD
Scranton Supernovas batting - Pitching for Bloomington Longnecks : RHP Chuck Steele
Batting: RHB Arturo Maldonado 0-0: Called Strike
0-1: Foul Ball, location: 2F
0-2: Ball
1-2: Strikes out swinging
Batting: RHB Pedro Rivera 0-0: Ball
1-0: Ball
2-0: Ball
3-0: Base on Balls
Batting: LHB Héctor Torres 0-0: Called Strike
0-1: Called Strike
0-2: Strikes out swinging
Batting: RHB Brad Jacobson 0-0: Swinging Strike
0-1: Ball
1-1: Fly out, F8 (Flyball, 8LXD)
Top of the 3rd over - 0 run(s), 0 hit(s), 0 error(s), 1 left on base; Scranton 2 - Bloomington 3
BOTTOM OF THE 3RD
Bloomington Longnecks batting - Pitching for Scranton Supernovas : RHP Roberto Calderón
Batting: RHB Ethan Miller 0-0: Ball
1-0: SINGLE (Line Drive, 6M)
Batting: RHB Darrell Terwey 0-0: Ball
1-0: Called Strike
1-1: Ball
Ethan Miller steals 2nd base
2-1: Ball
3-1: Ground out 5-3 (Groundball, 56)
Batting: LHB Fernando González 0-0: Ball
1-0: Ball
2-0: Called Strike
2-1: Called Strike
2-2: Foul Ball, location: 2F
2-2: Foul Ball, location: 2F
2-2: Ball
3-2: Strikes out swinging
Batting: RHB Frank Crocker 0-0: Ball
1-0: Swinging Strike
1-1: Ball
2-1: Foul Ball, location: 2F
2-2: Strikes out swinging
Bottom of the 3rd over - 0 run(s), 1 hit(s), 0 error(s), 1 left on base; Scranton 2 - Bloomington 3
TOP OF THE 4TH
Scranton Supernovas batting - Pitching for Bloomington Longnecks : RHP Chuck Steele
Batting: RHB Arturo Rochel 0-0: Ball
1-0: Called Strike
1-1: Called Strike
1-2: Strikes out looking
Batting: LHB Francisco Ortega 0-0: Ball
1-0: Called Strike
1-1: Ball
2-1: SINGLE (Line Drive, 8LS)
Batting: RHB Henrique Shearman 0-0: Ball
1-0: Called Strike
1-1: Ball
2-1: Ball
3-1: Reached on error, E5 (Groundball, 56S)
Francisco Ortega to second
Batting: RHB Chris Henderson 0-0: Called Strike
0-1: Ball
1-1: Swinging Strike
1-2: Strikes out swinging
Batting: RHB Marty Hayden 0-0: Called Strike
0-1: Ball
1-1: Ball
2-1: Ball
3-1: Called Strike
3-2: Base on Balls
Francisco Ortega to third
Henrique Shearman to second
Batting: RHB Arturo Maldonado 0-0: Called Strike
0-1: Swinging Strike
0-2: Ball
1-2: Ground out U3 (Groundball, 34)
Top of the 4th over - 0 run(s), 1 hit(s), 1 error(s), 3 left on base; Scranton 2 - Bloomington 3
BOTTOM OF THE 4TH
Bloomington Longnecks batting - Pitching for Scranton Supernovas : RHP Roberto Calderón
Batting: LHB Felipe López 0-0: Called Strike
0-1: Ball
1-1: Swinging Strike
1-2: Foul Ball, location: 2F
1-2: Ground out 3-1 (Groundball, 34S)
Batting: RHB Aurelio Vázquez 0-0: Ground out 6-3 (Groundball, 6)
Batting: SHB Jared Jefferson 0-0: Fly out, F9 (Flyball, 89M)
Bottom of the 4th over - 0 run(s), 0 hit(s), 0 error(s), 0 left on base; Scranton 2 - Bloomington 3
TOP OF THE 5TH
Scranton Supernovas batting - Pitching for Bloomington Longnecks : RHP Chuck Steele
Batting: RHB Pedro Rivera 0-0: Ball
1-0: Foul Ball, location: 2F
1-1: Foul Ball, location: 2F
1-2: Foul Ball, location: 2F
1-2: Ball
2-2: Ball
3-2: Strikes out looking
Batting: LHB Héctor Torres 0-0: Ball
1-0: SINGLE (Groundball, 4MD)
Pitching: RHP Gonçalo Conxacha
Batting: RHB Brad Jacobson 0-0: Swinging Strike
0-1: Foul Ball, location: 2F
0-2: Ball
1-2: Fly out, F7 (Flyball, 7LS)
Batting: RHB Arturo Rochel 0-0: Ball
1-0: Foul Ball, location: 2F
1-1: SINGLE (Flyball, 78S)
Héctor Torres to second
Batting: LHB Francisco Ortega 0-0: Called Strike
Balk!
Héctor Torres to third
Arturo Rochel to second
0-1: Ball
1-1: Foul Ball, location: 2F
1-2: Ball
2-2: Ball
3-2: Base on Balls
Batting: RHB Henrique Shearman 0-0: Swinging Strike
0-1: Called Strike
0-2: GRAND SLAM HOME RUN (Flyball, 78XD), Distance : 391 ft
Pitching: RHP Boyd Craig
Batting: RHB Chris Henderson 0-0: Ball
1-0: Ball
2-0: Called Strike
2-1: Fly out, F8 (Flyball, 89S)
Top of the 5th over - 4 run(s), 3 hit(s), 0 error(s), 0 left on base; Scranton 6 - Bloomington 3
BOTTOM OF THE 5TH
Bloomington Longnecks batting - Pitching for Scranton Supernovas : RHP Roberto Calderón
Batting: RHB Raúl Delgado 0-0: DOUBLE (Line Drive, 7LM)
Batting: LHB Gonzalo López 0-0: Ball
1-0: Called Strike
1-1: Ball
2-1: Foul Ball, location: 2F
2-2: Strikes out swinging
Batting: RHB Ethan Miller 0-0: Called Strike
0-1: Foul Ball, location: 2F
0-2: SINGLE (Groundball, 56S) (infield hit)
Raúl Delgado to third
Batting: RHB Darrell Terwey 0-0: Called Strike
0-1: Grounds into double play, 6-4-3 (Groundball, 6)
Bottom of the 5th over - 0 run(s), 2 hit(s), 0 error(s), 1 left on base; Scranton 6 - Bloomington 3
TOP OF THE 6TH
Scranton Supernovas batting - Pitching for Bloomington Longnecks : RHP Boyd Craig
Batting: RHB Marty Hayden 0-0: Called Strike
0-1: Ball
1-1: Fly out, F7 (Flyball, 7)
Batting: RHB Arturo Maldonado 0-0: Ball
1-0: Fly out, F4 (Popup, 4MD)
Batting: RHB Pedro Rivera 0-0: Called Strike
0-1: Ball
1-1: Fly out, F6 (Popup, 6)
Top of the 6th over - 0 run(s), 0 hit(s), 0 error(s), 0 left on base; Scranton 6 - Bloomington 3
BOTTOM OF THE 6TH
Bloomington Longnecks batting - Pitching for Scranton Supernovas : RHP Roberto Calderón
Batting: LHB Fernando González 0-0: Foul Ball, location: 2F
0-1: Ball
1-1: Foul Ball, location: 2F
1-2: Ball
2-2: SINGLE (Groundball, 56) (infield hit)
Batting: RHB Frank Crocker 0-0: Sac Bunt - play at first, batter OUT! 1-3
Fernando González to second
Batting: LHB Felipe López 0-0: Called Strike
0-1: Ball
Wild Pitch!
Fernando González to third
1-1: Ball
2-1: Ground out 3-1 (Groundball, 34)
Fernando González scores
Batting: RHB Aurelio Vázquez 0-0: Ball
1-0: Called Strike
1-1: Fly out, F9 (Flyball, 9S)
Bottom of the 6th over - 1 run(s), 1 hit(s), 0 error(s), 0 left on base; Scranton 6 - Bloomington 4
TOP OF THE 7TH
Scranton Supernovas batting - Pitching for Bloomington Longnecks : RHP Boyd Craig
Batting: LHB Héctor Torres 0-0: Called Strike
0-1: Ball
1-1: Called Strike
1-2: Ball
2-2: Fly out, F8 (Flyball, 78S)
Batting: RHB Brad Jacobson 0-0: Ball
1-0: Ball
2-0: Ball
3-0: Base on Balls
Batting: RHB Arturo Rochel 0-0: Called Strike
0-1: Foul Ball, location: 2F
0-2: Foul Ball, location: 2F
0-2: Grounds into double play, 6-4-3 (Groundball, 6)
Top of the 7th over - 0 run(s), 0 hit(s), 0 error(s), 0 left on base; Scranton 6 - Bloomington 4
BOTTOM OF THE 7TH
Bloomington Longnecks batting - Pitching for Scranton Supernovas : RHP Roberto Calderón
Batting: SHB Jared Jefferson 0-0: Called Strike
0-1: Ball
1-1: Swinging Strike
1-2: Ground out 4-3 (Groundball, 4)
Batting: RHB Raúl Delgado 0-0: SINGLE (Groundball, 56) (infield hit)
Batting: LHB Gonzalo López 0-0: Called Strike
0-1: Ball
1-1: Swinging Strike
1-2: Ball
2-2: Foul Ball, location: 2F
2-2: Ball
3-2: 2-RUN HOME RUN (Flyball, 8RXD), Distance : 429 ft
Pitching: LHP Pedro Garza
Batting: RHB Ethan Miller 0-0: Ball
1-0: Ground out 6-3 (Groundball, 6)
Batting: RHB Darrell Terwey 0-0: SINGLE (Line Drive, 5)
Batting: LHB Fernando González 0-0: Called Strike
0-1: Ball
1-1: Ball
2-1: SINGLE (Line Drive, 6D)
Darrell Terwey to second
Batting: RHB Frank Crocker 0-0: Swinging Strike
0-1: Called Strike
0-2: Ball
1-2: Foul Ball, location: 2F
1-2: Ball
2-2: Ball
3-2: Base on Balls
Darrell Terwey to third
Fernando González to second
Pinch Hitting: SHB Adrián Pueblo 0-0: Called Strike
0-1: Fielders Choice at 2nd, 4-6 (Groundball, 4)
Bottom of the 7th over - 2 run(s), 4 hit(s), 0 error(s), 2 left on base; Scranton 6 - Bloomington 6
TOP OF THE 8TH
Scranton Supernovas batting - Pitching for Bloomington Longnecks : RHP Boyd Craig
Now in RF: Tom Potts
Batting: LHB Francisco Ortega 0-0: Ball
1-0: Ground out 3-1 (Groundball, 34)
Batting: RHB Henrique Shearman 0-0: Foul Ball, location: 2F
0-1: SINGLE (Line Drive, 7S)
Pinch Hitting: RHB Martín Álvarez 0-0: Ball
1-0: Ball
2-0: Grounds into double play, 6-4-3 (Groundball, 6)
Top of the 8th over - 0 run(s), 1 hit(s), 0 error(s), 0 left on base; Scranton 6 - Bloomington 6
BOTTOM OF THE 8TH
Bloomington Longnecks batting - Pitching for Scranton Supernovas : LHP Pedro Garza
Now at SS: Jim Unknown
Batting: RHB Aurelio Vázquez 0-0: Called Strike
0-1: Ball
1-1: Called Strike
1-2: Ball
2-2: SINGLE (Line Drive, 89S)
Batting: SHB Jared Jefferson 0-0: Bunted foul
0-1: Sac Bunt - play at second, runner OUT! 1-6
Batting: RHB Raúl Delgado 0-0: Ball
1-0: Foul Ball, location: 2F
1-1: Ball
2-1: Fly out, F1 (Line Drive, 15S)
Pinch Hitting: RHB Nick Simmons 0-0: Called Strike
0-1: Fly out, F7 (Flyball, 7S)
Bottom of the 8th over - 0 run(s), 1 hit(s), 0 error(s), 1 left on base; Scranton 6 - Bloomington 6
TOP OF THE 9TH
Scranton Supernovas batting - Pitching for Bloomington Longnecks : RHP Boyd Craig
Pitching: RHP John Watson
Now at 3B: Dave Farr
Batting: RHB Marty Hayden 0-0: Ball
1-0: SINGLE (Groundball, 6D)
Batting: RHB Arturo Maldonado 0-0: Bunted foul
0-1: Sac Bunt - play at first, batter OUT! 1-4
Marty Hayden to second
Batting: RHB Pedro Rivera 0-0: Called Strike
0-1: Ball
1-1: Foul Ball, location: 2F
1-2: Ball
2-2: Ball
3-2: Base on Balls
Batting: LHB Héctor Torres 0-0: Ball
1-0: Fly out, F3 (Line Drive, 3)
Batting: RHB Brad Jacobson 0-0: Foul Ball, location: 2F
0-1: Called Strike
0-2: Foul Ball, location: 2F
0-2: Ground out 1-3 (Groundball, P)
Top of the 9th over - 0 run(s), 1 hit(s), 0 error(s), 2 left on base; Scranton 6 - Bloomington 6
BOTTOM OF THE 9TH
Bloomington Longnecks batting - Pitching for Scranton Supernovas : LHP Pedro Garza
Pitching: RHP Bill Maddox
Batting: RHB Ethan Miller 0-0: Ball
1-0: Foul Ball, location: 2F
1-1: Swinging Strike
1-2: SOLO HOME RUN (Flyball, 7D), Distance : 385 ft
Friday, December 30th, 2016 - OOTP Baseball 17.12 Build 75